 Dungeon Crawl Stone Soup version 0.30.1-4-g462c640d31 (webtiles) character file.

Game seed: 1760947216419635363

104 FishyPogo the Slicer (level 4, -4/41 HPs)
             Began as a Gnoll Wanderer on Aug 18, 2023.
             Slain by a goblin
             ... wielding a +0 dagger
             ... led by Robin
              (6 damage)
             ... on level 3 of the Dungeon.
             The game lasted 00:05:51 (1780 turns).

FishyPogo the Slicer (Gnoll Wanderer)               Turns: 1780, Time: 00:05:52

Health: -4/41      AC:  2    Str:  6 (9)  XL:     4   Next: 80%
Magic:  6/6        EV: 12    Int:  7 (9)  God:
Gold:   88         SH:  0    Dex: 16 (18) Spells: 5/5 levels left

rFire   . . .        a - +2 short sword (vamp)
rCold   . . .        (no shield)
rNeg    . . .        d - +0 robe
rPois   .            (no helmet)
rElec   .            (no cloak)
rCorr   .            (no gloves)
SInv    .            (no boots)
Will    .....        r - amulet of regeneration
Stlth   ++           (no ring)
HPRegen 1.06/turn    (no ring)
MPRegen 0.10/turn

%: no passive effects
@: no status effects
A: fangs 1, strong nose, distributed training
a: no special abilities


You were on level 3 of the Dungeon.
You visited 1 branch of the dungeon, and saw 3 of its levels.

You collected 88 gold pieces.

Inventory:

Hand Weapons
 a - a +2 vampiric short sword (weapon)
 b - a +2 dagger of pain
 n - a +3 short sword
Missiles
 e - 48 stones (quivered)
Armour
 d - a +0 robe (worn)
Jewellery
 r - an amulet of regeneration (around neck)
Wands
 l - a wand of flame (24)
Scrolls
 g - a scroll of poison {unknown}
 h - 2 scrolls of identify {unknown}
 j - a scroll of vulnerability {unknown}
 k - 2 scrolls of teleportation {unknown}
Potions
 o - a potion of might {unknown}
 p - a potion of flight
 q - a potion of curing {unknown}


   Skills:
 + Level 6.6 Fighting
 + Level 10.5 Short Blades
 + Level 1.3 Long Blades
 + Level 1.3 Axes
 + Level 1.3 Maces & Flails
 + Level 2.8 Polearms
 + Level 1.3 Staves
 + Level 1.3 Ranged Weapons
 + Level 1.3 Throwing
 + Level 1.3 Armour
 + Level 1.3 Dodging
 + Level 1.3 Stealth
 + Level 1.3 Shields
 + Level 1.3 Unarmed Combat
 + Level 1.3 Spellcasting
 + Level 1.0 Conjurations
 + Level 1.0 Hexes
 + Level 1.0 Summonings
 + Level 1.0 Necromancy
 + Level 1.0 Translocations
 + Level 1.0 Transmutations
 + Level 1.0 Fire Magic
 + Level 1.0 Ice Magic
 + Level 1.0 Air Magic
 + Level 1.0 Earth Magic
 + Level 1.0 Poison Magic
 + Level 3.0 Invocations
 + Level 1.3 Evocations


You had 5 spell levels left.
You didn't know any spells.
Your spell library contained the following spells:

 Spells                   Type           Power      Damage    Failure   Level
 Ozocubu's Armour         Ice            1%         N/A       63%         3
 Portal Projectile        Hex/Tloc       2%         N/A       63%         3
 Tukima's Dance           Hex            1%         N/A       63%         3
 Blade Hands              Tmut           0%         N/A       100%        5
 Ozocubu's Refrigeration  Ice            0%         4d7       100%        7


Dungeon Overview and Level Annotations

Branches:
Dungeon (3/15)

Altars:

Shops:
D:1 =

Annotations:
D:3 Robin


Innate Abilities, Weirdness & Mutations

You have very sharp teeth.
Your uncanny sense of smell can sniff out nearby items.
Your experience applies equally to all skills.


Message History

As you read the scroll of summoning, it crumbles to dust.
Wisps of shadow whirl around you... The goblin misses your adder.
The goblin hits you with a +1 dagger of electrocution.
* * * LOW HITPOINT WARNING * * *
Robin's horned helmet rattles.
Robin throws the goblin at you! The goblin closely misses you.
It was a potion of flight.
You feel very buoyant.
You fly up into the air.
The goblin misses you.
Your adder barely misses Robin.
The goblin closely misses you. Robin misses you.
Your rat bites Robin but does no damage.
The goblin hits you with a +1 dagger of electrocution.
* * * LOW HITPOINT WARNING * * *
The goblin misses you.
It was a potion of degeneration.
There was something very wrong with that liquid.
You feel weakened.
You feel dopey.
You feel clumsy. The goblin hits you with a +0 dagger.
* * * LOW HITPOINT WARNING * * *
Your adder barely misses Robin.
Robin hits you but does no damage.
Your rat bites Robin but does no damage.
The goblin misses your adder.
The goblin hits you with a +1 dagger of electrocution.
* * * LOW HITPOINT WARNING * * *
The goblin closely misses you.
It was a potion of cancellation.
Your magical effects are unravelling.
You feel magically purged.
You float gracefully downwards.
The goblin closely misses you.
Your adder bites Robin.
The goblin hits you but does no damage.
The goblin hits your adder with a +0 club.
The goblin hits you with a +1 dagger of electrocution.
* * * LOW HITPOINT WARNING * * *
Your rat bites Robin but does no damage.
The goblin closely misses you.
Unknown command.
It was a potion of magic.
Magic courses through your body.
The goblin no longer looks unusually strong.
Your adder bites Robin.
The goblin hits you with a +0 dagger.
You die...

# ##......#
######.# #####.###
#.......####
......#####....###
...## ∆∆∆#'##...##
. #..###.)#
#..#g##r### ∆
#..#g@gS..#
#..#g##g#.# ∆
#..###..#.#
####g..## #


ggg## ∆ ...g. ...g ... ... ∆ You could see Robin (ally target), 4 goblins, a
friendly adder (summoned) and a friendly rat (summoned).

Vanquished Creatures
  Jessica (D:2)
  An adder (D:2)
  A worm (D:2)
  A dart slug (D:1)
  5 bats
  4 endoplasms
  4 giant cockroaches
  8 goblins
  5 hobgoblins
  8 jackals
  A quokka (D:2)
  5 ball pythons
  A frilled lizard (D:2)
  7 kobolds
  A rat (D:2)
53 creatures vanquished.

Notes
Turn   | Place    | Note
-------+----------+-------------------------------------------
     0 | D:1      | Reached skill level 10 in Short Blades
     0 | D:1      | FishyPogo the Gnoll Wanderer began the quest for the Orb.
     0 | D:1      | FishyPogo set off with the following items: a +3 short
                  | sword, a +0 spear, a scroll of summoning, a +0 robe.
     0 | D:1      | Reached XP level 1. HP: 23/23 MP: 2/2
   138 | D:1      | Reached XP level 2. HP: 21/29 MP: 3/3
   587 | D:1      | Found Tekhloikh's Jewellery Boutique.
   816 | D:1      | Reached XP level 3. HP: 29/35 MP: 4/4
  1092 | D:2      | Noticed Jessica
  1182 | D:2      | Killed Jessica
  1183 | D:2      | Reached skill level 1 in Long Blades
  1183 | D:2      | Reached skill level 1 in Axes
  1183 | D:2      | Reached skill level 1 in Maces & Flails
  1183 | D:2      | Reached skill level 1 in Staves
  1183 | D:2      | Reached skill level 1 in Ranged Weapons
  1183 | D:2      | Reached skill level 1 in Throwing
  1183 | D:2      | Reached skill level 1 in Armour
  1183 | D:2      | Reached skill level 1 in Dodging
  1183 | D:2      | Reached skill level 1 in Stealth
  1183 | D:2      | Reached skill level 1 in Shields
  1183 | D:2      | Reached skill level 1 in Unarmed Combat
  1183 | D:2      | Reached skill level 1 in Spellcasting
  1183 | D:2      | Reached skill level 1 in Evocations
  1183 | D:2      | Reached XP level 4. HP: 41/41 MP: 6/6
  1350 | D:2      | Reached skill level 1 in Conjurations
  1350 | D:2      | Reached skill level 1 in Hexes
  1350 | D:2      | Reached skill level 1 in Summonings
  1350 | D:2      | Reached skill level 1 in Necromancy
  1350 | D:2      | Reached skill level 1 in Translocations
  1350 | D:2      | Reached skill level 1 in Transmutations
  1350 | D:2      | Reached skill level 1 in Fire Magic
  1350 | D:2      | Reached skill level 1 in Ice Magic
  1350 | D:2      | Reached skill level 1 in Air Magic
  1350 | D:2      | Reached skill level 1 in Earth Magic
  1350 | D:2      | Reached skill level 1 in Poison Magic
  1746 | D:3      | Noticed Robin
  1779 | D:3      | HP: 1/41 [goblin/+1 dagger of electrocution[Robin] (6)]
  1780 | D:3      | Slain by a goblin

Illustrated notes

Levels and vault maps discovered:
D:1:      dpeg_arrival_lava_temple_mockup, layout_basic, serial_shops,
          shop_statue, dreamdust_princess_bridge
D:2:      layout_basic, minmay_domino_2, uniq_jessica
D:3:      layout_loops_cross, grunt_ministairs_8, minmay_divided_ellipse,
          uniq_natasha, uniq_robin

Skill      XL: |  1  2  3  4 |
---------------+-------------+-----
Short Blades   | | 10.5
Long Blades    | 1 |  1.3
Axes           | 1 |  1.3
Maces & Flails | 1 |  1.3
Staves         | 1 |  1.3
Ranged Weapons | 1 |  1.3
Throwing       | 1 |  1.3
Armour         | 1 |  1.3
Dodging        | 1 |  1.3
Stealth        | 1 |  1.3
Shields        | 1 |  1.3
Unarmed Combat | 1 |  1.3
Spellcasting   | 1 |  1.3
Evocations     | 1 |  1.3
Conjurations   | 1 |  1.0
Hexes          | 1 |  1.0
Summonings     | 1 |  1.0
Necromancy     | 1 |  1.0
Translocations | 1 |  1.0
Transmutations | 1 |  1.0
Fire Magic     | 1 |  1.0
Ice Magic      | 1 |  1.0
Air Magic      | 1 |  1.0
Earth Magic    | 1 |  1.0
Poison Magic   | 1 |  1.0
Invocations    | 3 |  3.0
Fighting       | |  6.6
Polearms       | |  2.8

Action                     |  1- 3 |  4- 6 || total
---------------------------+-------+-------++-------
  Melee: Short sword       |    35 |     7 ||    42
         Bite              |     3 |    12 ||    15
         Dagger            |    45 |    98 ||   143
         Punch             |       |     1 ||     1
    Use: Potion            |       |     4 ||     4
         Scroll            |       |     1 ||     1
   Stab: Sleeping          |       |     1 ||     1
 Armour: Robe              |    10 |    16 ||    26
  Dodge: Dodged            |    19 |    56 ||    75
